 Dungeon Crawl Stone Soup version 0.31.0-9-g3a7656b989 (webtiles) character file.

Game seed: 15823835697509078113

93 Colgate the Trooper (level 4, -1/40 HPs)
             Began as an Armataur Hedge Wizard on Jan 27, 2024.
             Slain by a cerulean imp
             ... wielding a +0 spear
             ... summoned by Natasha
              (3 damage)
             ... on level 2 of the Dungeon.
             The game lasted 00:04:46 (1370 turns).

Colgate the Trooper (Armataur Hedge Wizard)         Turns: 1370, Time: 00:04:46

Health: -1/40      AC:  6    Str: 23    XL:     4   Next: 37%
Magic:  8/8        EV:  7    Int: 14    God:
Gold:   81         SH:  6    Dex: 10    Spells: 7/8 levels left

rFire   . . .        t - +0 spear
rCold   . . .        s - +0 kite shield
rNeg    . . .        g - +0 ring mail
rPois   .            c - +0 hat
rElec   .            p - scarf {repulsion}
rCorr   .            v - +0 pair of gloves
SInv    .            (no barding)
Will    .....        (no amulet)
Stlth   +            f - ring of flight
HPRegen 0.26/turn    u - +6 ring of strength
MPRegen 0.11/turn

%: repel missiles, roll
@: flying, slowed, very slow
A: large, deformed body, tough skin 3, armoured tail, roll 1
a: no special abilities


You were on level 2 of the Dungeon.
You visited 1 branch of the dungeon, and saw 2 of its levels.

You collected 81 gold pieces.

Inventory:

Hand Weapons
 a - a +0 dagger
 t - a +0 spear (weapon)
Missiles
 b - 10 poisoned darts
Armour
 c - a +0 hat (worn)
 g - a +0 ring mail (worn)
 p - a scarf of repulsion (worn)
 s - a +0 kite shield (worn)
 v - a +0 pair of gloves (worn)
Jewellery
 f - a ring of flight (left hand)
 u - a +6 ring of strength (right hand)
Wands
 x - a wand of flame (26)
Scrolls
 i - 2 scrolls of silence {unknown}
 j - a scroll of vulnerability {unknown}
 k - 2 scrolls of blinking {unknown}
 m - a scroll of teleportation {unknown}
 n - a scroll of enchant weapon {unknown}
 w - a scroll of amnesia {unknown}
Potions
 d - a potion of magic
 e - a potion of degeneration {unknown}
 h - a potion of heal wounds {unknown}
 l - a potion of brilliance {unknown}
 o - a potion of haste {unknown}
 q - a potion of invisibility {unknown}
 r - 2 potions of curing {unknown}


   Skills:
 - Level 3.7 Fighting
 + Level 0.0 Armour
 - Level 1.3 Dodging
 - Level 2.1 Stealth
 - Level 2.6 Spellcasting
 - Level 0.8 Conjurations
 - Level 0.7 Summonings
 - Level 1.0 Translocations


You had 7 spell levels left.
You knew the following spells:

 Your Spells              Type           Power      Damage    Failure   Level
a - Magic Dart            Conj           16%        1d3       54%         1

Your spell library contained the following spells:

 Spells                   Type           Power      Damage    Failure   Level
 Kiss of Death            Conj/Necr      12%        2d6       58%         1
 Slow                     Hex            4%         N/A       65%         1
 Blink                    Tloc           8%         N/A       65%         2
 Call Imp                 Summ           6%         N/A       71%         2
 Cigotuvi's Dreadful Rot  Necr/Alch/Air  2%         N/A       80%         2
 Mephitic Cloud           Conj/Alch/Air  2%         N/A       94%         3
 Confusing Touch          Hex            1%         N/A       95%         3
 Dispel Undead            Necr           1%         3d6       100%        4


Dungeon Overview and Level Annotations

Branches:
Dungeon (2/15)

Altars:

Annotations:
D:2 Natasha


Innate Abilities, Weirdness & Mutations

Armour fits poorly on your strangely shaped body.
You have extremely tough skin. (AC +3)
You have a long armoured tail.
You regenerate magic when rolling toward enemies. (Rampage MPRegen)


Message History

Natasha barely misses you.
You closely miss Natasha. Natasha claws you but does no damage.
You block the cerulean imp's attack. Natasha claws you.
You hit Natasha.
Your tail-slap misses Natasha.
The cerulean imp hits you but does no damage.
Natasha barely misses you.
The cerulean imp hits you from afar with a +1 spear.
Natasha claws you.
You hit Natasha but do no damage.
The cerulean imp hits you from afar with a +1 spear.
Natasha claws you but does no damage.
The cerulean imp hits you from afar with a +1 spear.
Natasha zaps a wand.
The puff of flame is repelled.
You hit Natasha but do no damage.
Your tail-slap misses Natasha.
You block the cerulean imp's attack.
Natasha stares at you and mumbles some strange words.
The magic dart hits you!
The cerulean imp hits you but does no damage.
Natasha wildly gestures.
Natasha shimmers violently.
Natasha zaps a wand.
The puff of flame is repelled.
You completely miss Natasha. You block the cerulean imp's attack.
Natasha stares at you and mumbles some strange words.
You resist with some effort. The cerulean imp barely misses you.
Natasha zaps a wand.
The puff of flame hits you.
* * * LOW HITPOINT WARNING * * *
You barely miss Natasha.
Your tail-slap misses Natasha.
The cerulean imp hits you but does no damage.
Natasha mumbles some strange words.
You block the cerulean imp's attack.
Natasha mumbles some strange words.
You hit Natasha but do no damage.
The cerulean imp hits you from afar with a +1 spear.
* * * LOW HITPOINT WARNING * * *
Natasha zaps a wand.
The puff of flame hits you.
* * * LOW HITPOINT WARNING * * *
You block the cerulean imp's attack. x2; The cerulean imp barely misses you.
You block Natasha's attack.
The cerulean imp hits you from afar with a +0 spear.
You die...

....#### #.# ###....###.#
##.#....##.# #.#.#....#.####
.#.##.#.......#######**#****
).###.##......#.....##..,,,**
.#.##.####......5.......,,,,**
#.#)#.# ####...........,,,,,*
*#.#..#**#.....5@h......,,,,,*
**#...).................,,,,,*
,,,.#.#####....5........,,,,,*
****#..* #.............,,,,,*
******,***###...).....>.,,,,,*
,,,,,,,,,,,*##..........,,,,**
************ ##.....##..,,,**
#######*##****


You could see Natasha and 3 cerulean imps.

Vanquished Creatures
  Natasha (twice) (D:2)
  A ribbon worm (D:2)
  A dart slug (D:2)
  6 ball pythons
  4 endoplasms
  2 giant cockroaches
  7 hobgoblins
  A quokka (D:1)
  3 bats
  A frilled lizard (D:1)
  2 goblins (D:2)
  3 kobolds
  6 rats
39 creatures vanquished.

Notes
Turn   | Place    | Note
-------+----------+-------------------------------------------
     0 | D:1      | Colgate the Armataur Hedge Wizard began the quest for the
                  | Orb.
     0 | D:1      | Reached XP level 1. HP: 14/14 MP: 4/4
    74 | D:1      | Reached skill level 1 in Fighting
   228 | D:1      | Reached XP level 2. HP: 7/23 MP: 2/5
   481 | D:1      | Reached skill level 2 in Fighting
   910 | D:2      | Reached XP level 3. HP: 30/30 MP: 7/7
  1225 | D:2      | Noticed Natasha
  1232 | D:2      | Killed Natasha
  1233 | D:2      | Reached skill level 3 in Fighting
  1233 | D:2      | Reached XP level 4. HP: 35/38 MP: 8/8
  1258 | D:2      | Noticed Natasha
  1263 | D:2      | Killed Natasha
  1356 | D:2      | Noticed Natasha
  1370 | D:2      | HP: 2/40 [Natasha/puff of flame (6)]
  1370 | D:2      | Slain by a cerulean imp

Illustrated notes

Levels and vault maps discovered:
D:1:      grunt_arrival_crossed_arrows, layout_rooms, kennysheep_crisscross
D:2:      layout_rooms, minmay_circle_x, uniq_natasha

Skill      XL: |  1  2  3 |
---------------+----------+-----
Fighting       | 1 2 3 |  3.7
Dodging        | |  1.3
Stealth        | |  2.1
Spellcasting   | |  2.6
Conjurations   | |  0.8
Summonings     | |  0.7
Translocations | |  1.0

Action                     |  1- 3 |  4- 6 || total
---------------------------+-------+-------++-------
  Melee: Dagger            |   121 |       ||   121
         Tailslap          |    22 |     2 ||    24
         Spear             |    55 |    13 ||    68
   Cast: Magic Dart        |     9 |       ||     9
   Stab: Sleeping          |     1 |       ||     1
 Armour: Robe              |    17 |       ||    17
         Ring mail         |   129 |    19 ||   148
  Dodge: Dodged            |    83 |     6 ||    89
         Repelled          |     4 |     2 ||     6
  Block: Kite shield       |    26 |     7 ||    33
